 Dungeon Crawl Stone Soup version 0.30.1-11-g7821555f0a (webtiles) character file.

Game seed: 2544544442714366872

10701 Peloso the Carver (level 11, -1/95 HPs)
             Began as a Minotaur Fighter on Dec 12, 2023.
             Was an Elder of Okawaru.
             Slain by a two-headed ogre
             ... wielding a +0 giant spiked club
              (6 damage)
             ... on level 10 of the Dungeon.
             The game lasted 00:18:09 (10442 turns).

Peloso the Carver (Minotaur Fighter)               Turns: 10442, Time: 00:18:11

Health: -1/95      AC: 25    Str: 21    XL:     11   Next: 39%
Magic:  8/10       EV: 10    Int:  5    God:    Okawaru [****..]
Gold:   548        SH: 13    Dex: 14    Spells: 10/10 levels left

rFire   . . .        a - +1 long sword (heavy)
rCold   . . .        d - +0 buckler
rNeg    . . .        u - +0 plate armour
rPois   .            (helmet restricted)
rElec   .            x - +1 cloak
rCorr   .            (no gloves)
SInv    .            c - +0 pair of boots
Will    .....        n - amulet of reflection Stlth
                     j - +4 ring of protection
HPRegen 0.35/turn    (no ring)
MPRegen 0.12/turn

%: reflection
@: heroic
A: horns 2, retaliatory headbutt
a: Renounce Religion, Heroism, Finesse


You were on level 10 of the Dungeon.
You worshipped Okawaru.
Okawaru was greatly pleased with you.
You visited 2 branches of the dungeon, and saw 12 of its levels.
You also visited: Ossuary.

You collected 692 gold pieces.
You spent 144 gold pieces at shops.

Inventory:

Hand Weapons
 a - a +1 heavy long sword (weapon)
 b - a +5 scimitar
Armour
 c - a +0 pair of boots (worn)
 d - a +0 buckler (worn)
 u - a +0 plate armour (worn)
 x - a +1 cloak (worn)
Jewellery
 j - a +4 ring of protection (left hand)
 n - an amulet of reflection (around neck)
Wands
 h - a wand of light (2)
 t - a wand of polymorph (7)
 C - a wand of flame (16)
 F - a wand of iceblast (4)
Scrolls
 f - 3 scrolls of fog
 l - a scroll of teleportation
 m - 2 scrolls of enchant armour
 p - 2 scrolls of immolation
 q - 2 scrolls of amnesia
 r - 3 scrolls of enchant weapon
 y - 2 scrolls of identify
 A - 2 scrolls of fear
 B - a scroll of blinking {unknown}
 G - 6 scrolls of magic mapping
Potions
 e - a potion of flight
 i - 3 potions of might
 k - a potion of ambrosia
 o - 4 potions of curing
 s - 2 potions of berserk rage {unknown}
 v - 4 potions of mutation
 w - a potion of resistance {unknown}
 z - a potion of lignification {unknown}
 D - a potion of brilliance {unknown}
 E - a potion of invisibility {unknown}


   Skills:
 + Level 8.9(13.9) Fighting
 + Level 13.1(18.1) Long Blades
 + Level 10.1(15.1) Armour
 + Level 4.2(9.2) Dodging
 + Level 1.2(6.2) Stealth
 + Level 11.3(16.3) Shields
 + Level 0.2 Invocations
 + Level 1.1 Evocations


You had 10 spell levels left.
You didn't know any spells.
Your spell library contained the following spells:

 Spells                   Type           Power      Damage    Failure   Level
 Apportation              Tloc           0%         N/A       99%         1
 Magic Dart               Conj           0%         1d3       99%         1
 Poisonous Vapours        Pois/Air       0%         N/A       100%        2
 Static Discharge         Conj/Air       0%         2-2/arc   100%        2
 Sublimation of Blood     Necr           0%         N/A       100%        2
 Wereblood                Tmut           0%         N/A       100%        2
 Hailstorm                Conj/Ice       0%         3d3       100%        3
 Mephitic Cloud           Conj/Pois/Air  0%         N/A       100%        3
 Portal Projectile        Hex/Tloc       0%         N/A       100%        3
 Airstrike                Air            0%         2d(0-16)  100%        4
 Cause Fear               Hex            0%         N/A       100%        4
 Ice Form                 Ice/Tmut       0%         N/A       100%        4
 Alistair's Intoxication  Tmut/Pois      0%         N/A       100%        5
 Blade Hands              Tmut           0%         N/A       100%        5
 Freezing Cloud           Conj/Ice/Air   0%         6-21      100%        5
 Dragon Form              Tmut           0%         N/A       100%        7
 Call Imp                 Summ           Unusable   N/A       N/A         2
 Tukima's Dance           Hex            Unusable   N/A       N/A         3
 Summon Lightning Spire   Summ/Air       Unusable   N/A       N/A         4
 Simulacrum               Ice/Necr       Unusable   N/A       N/A         6
 Summon Hydra             Summ           Unusable   N/A       N/A         7
 Dragon's Call            Summ           Unusable   N/A       N/A         9

Dungeon Overview and Level Annotations

Branches:
Dungeon (11/15)            Temple (1/1) D:6            Lair (0/5) D:9
    Orc (0/2) D:9         Ossuary (visited)

Altars:
Ashenzari
Cheibriados
Dithmenos
Elyvilon
Fedhas
Gozag
Hepliaklqana
Kikubaaqudgha
Makhleb
Nemelex Xobeh
Okawaru
Qazlal
Ru
Sif Muna
Trog
Uskayaw
Vehumet
Wu Jian
Xom
Yredelemnul
Zin
The Shining One

Shops:
D:7 !   D:9 [   D:11 *


Innate Abilities, Weirdness & Mutations

You have a pair of horns on your head.
You reflexively headbutt those who attack you in melee.


Message History

You feel extremely sick.
The green ugly thing bites you but does no damage. x2
You slash the green ugly thing!
You kill the green ugly thing!
Okawaru accepts your kill.
You feel very sick.
You completely miss the two-headed ogre.
You headbutt the two-headed ogre.
The two-headed ogre is lightly wounded.
You feel very sick.
The two-headed ogre hits you with a +0 giant spiked club! x2
* * * LOW HITPOINT WARNING * * *
You hit the two-headed ogre but do no damage.
The two-headed ogre is lightly wounded.
You feel very sick. You block the two-headed ogre's attack.
The two-headed ogre hits you but does no damage.
You feel much better.
You feel sick.
The two-headed ogre attacks as you move away!
You block the two-headed ogre's attack. The two-headed ogre closely misses you.
You feel sick.
There is a stone staircase leading up here.
You see here a javelin.
You feel sick.
You block the two-headed ogre's attack. x2
You climb upwards.
You feel sick.
There is a stone staircase leading down here.
You gain the combat prowess of a mighty hero.
You feel sick.
You slash the two-headed ogre! You headbutt the two-headed ogre!
The two-headed ogre is heavily wounded.
You feel sick. You block the two-headed ogre's attack.
The two-headed ogre hits you but does no damage.
You slice the two-headed ogre!!
The two-headed ogre is severely wounded.
You feel sick.
You are no longer poisoned.
The two-headed ogre hits you with a +0 giant spiked club!
* * * LOW HITPOINT WARNING * * *
The two-headed ogre hits you with a +0 giant spiked club.
You die...

#.# #......≈.8.≈.# ########'#
####.# #.........)).# #........
..(..# #.......)..######........
..#######..........# #..'........
#......##..........###.##........
######.##.....[....'...##........
#..'....).....######........
####........O.# ######'##
#.......@..# ####...#
##'######### #....### #.[).#
#.#### #####)####### ###'#######
#.....#.....# #.........#
#.###.#.###.# #.........#
#...#.#.#.#.# #.........#
#.#.###.#.#.###.........# ###
#.#.......#.#.'.........#


You could see a two-headed ogre.

Vanquished Creatures
  2 boulder beetles (D:11)
  2 two-headed ogres
  An ugly thing (D:11)
  Maggie (D:8)
  A komodo dragon (D:9)
  2 trolls
  Grinder (D:3)
  A wraith (D:11)
  8 yaks (D:9)
  A steam dragon (D:7)
  6 water moccasins
  An acid dragon (D:10)
  7 orc warriors
  A sky beast (D:6)
  5 ice beasts
  4 black bears
  2 ogres
  5 centaurs
  A phantom (D:7)
  3 kobold brigands
  5 bullfrogs
  A gnoll sergeant (D:9)
  5 scorpions
  6 wights
  6 killer bees (D:10)
  3 howler monkeys
  3 centaur zombies (Ossuary)
  A crimson imp (D:8)
  2 sleepcaps (D:6)
  2 orc priests
  A hound (D:4)
  A jelly (D:6)
  5 iguanas (D:6)
  5 orc wizards
  5 mummies (Ossuary)
  12 gnolls
  8 adders
  2 white imps (D:7)
  2 ufetubi
  3 worms
  A dart slug (D:4)
  36 orcs
  4 endoplasms
  6 giant cockroaches
  7 goblins
  8 hobgoblins
  A jackal (D:4)
  2 quokkas
  5 ball pythons
  8 bats
  4 frilled lizards
  6 hobgoblin zombies (Ossuary)
  20 kobolds
  8 rats
249 creatures vanquished.

Vanquished Creatures (others)
  A black bear (D:6)
  A scorpion (D:6)
2 creatures vanquished.

Grand Total: 251 creatures vanquished

Notes
Turn   | Place    | Note
-------+----------+-------------------------------------------
     0 | D:1      | Peloso the Minotaur Fighter began the quest for the Orb.
     0 | D:1      | Reached XP level 1. HP: 19/19 MP: 0/0
   177 | D:1      | Reached XP level 2. HP: 27/27 MP: 1/1
   573 | D:1      | Found a faded altar of an unknown god.
   895 | D:2      | Reached XP level 3. HP: 33/33 MP: 2/2
  1084 | D:2      | Reached skill level 3 in Long Blades
  1612 | D:3      | Noticed Grinder
  1654 | D:3      | Paralysed by Grinder for 5 turns
  1660 | D:3      | Paralysed by Grinder for 3 turns
  1668 | D:3      | Paralysed by Grinder for 2 turns
  1678 | D:3      | Killed Grinder
  1679 | D:3      | Reached skill level 5 in Long Blades
  1679 | D:3      | Reached skill level 1 in Dodging
  1679 | D:3      | Reached XP level 4. HP: 41/41 MP: 3/3
  1679 | D:3      | Reached XP level 5. HP: 47/47 MP: 4/4
  1745 | D:3      | Found a stormy altar of Qazlal.
  1819 | D:3      | Reached skill level 5 in Shields
  1819 | D:3      | Reached XP level 6. HP: 31/53 MP: 5/5
  1927 | D:3      | Found an ornate altar of the Wu Jian Council.
  2033 | D:3      | Found a hazy altar of Hepliaklqana.
  2162 | D:4      | Reached skill level 5 in Armour
  2436 | D:4      | Found a sacrificial altar of Ru.
  2996 | D:4      | Reached skill level 6 in Long Blades
  3148 | D:4      | Reached XP level 7. HP: 60/60 MP: 6/6
  3297 | D:5      | Entered Level 5 of the Dungeon
  3501 | D:5      | Reached skill level 7 in Long Blades
  3519 | D:5      | Reached skill level 5 in Fighting
  3734 | D:5      | Reached XP level 8. HP: 68/68 MP: 7/7
  4241 | D:6      | Reached skill level 8 in Long Blades
  4457 | D:6      | Found a shimmering altar of Xom.
  4515 | D:6      | Reached skill level 9 in Long Blades
  4735 | D:6      | Found a staircase to the Ecumenical Temple.
  4744 | Temple   | Entered the Ecumenical Temple
  4942 | Temple   | Became a worshipper of Warmaster Okawaru
  5035 | D:6      | Reached XP level 9. HP: 75/75 MP: 8/8
  5596 | D:7      | Found Reotsyli's Distillery.
  5615 | D:7      | Reached skill level 10 in Long Blades
  5644 | D:7      | Found a shimmering blue altar of Sif Muna.
  5717 | D:7      | Found a sand-covered staircase.
  5727 | Ossuary  | Entered an ossuary
  5791 | Ossuary  | Reached * piety under Okawaru
  6431 | D:7      | Bought a potion of mutation for 96 gold pieces
  6431 | D:7      | Bought a potion of degeneration for 12 gold pieces
  6436 | D:7      | Bought a potion of curing for 36 gold pieces
  7246 | D:8      | Noticed Maggie
  7267 | D:8      | Killed Maggie
  7268 | D:8      | Reached skill level 1 in Stealth
  7440 | D:8      | Found a radiant altar of Vehumet.
  7592 | D:8      | Reached skill level 1 in Evocations
  7721 | D:8      | Found a burning altar of Makhleb.
  7967 | D:9      | Noticed a two-headed ogre
  7986 | D:9      | Killed a two-headed ogre
  7986 | D:9      | Reached ** piety under Okawaru
  7987 | D:9      | Reached skill level 11 in Long Blades
  7987 | D:9      | Reached XP level 10. HP: 57/86 MP: 9/9
  8237 | D:9      | Found a staircase to the Lair.
  8364 | D:9      | Reached *** piety under Okawaru
  8502 | D:9      | HP: 3/88 [gnoll/+0 spear[a gnoll sergeant] (5)]
  8841 | D:9      | Found a staircase to the Orcish Mines.
  8848 | D:9      | Found Husm's Armour Shop.
  8978 | D:9      | Reached skill level 12 in Long Blades
  8985 | D:9      | Reached skill level 10 in Shields
  9242 | D:9      | Reached **** piety under Okawaru
  9514 | D:10     | Entered Level 10 of the Dungeon
  9600 | D:10     | Found a snail-covered altar of Cheibriados.
  9751 | D:10     | Reached XP level 11. HP: 94/95 MP: 10/10
  9864 | D:10     | Noticed a two-headed ogre
  9872 | D:10     | Killed a two-headed ogre
 10384 | D:11     | Found Voliy's Elemental Accessories.
 10390 | D:11     | Noticed a boulder beetle
 10402 | D:11     | Killed a boulder beetle
 10406 | D:11     | Noticed a boulder beetle
 10411 | D:11     | Received a gift from Okawaru
 10413 | D:11     | Reached skill level 10 in Armour
 10415 | D:11     | Noticed a green ugly thing
 10420 | D:11     | Noticed a two-headed ogre
 10424 | D:11     | Killed a boulder beetle
 10425 | D:11     | Reached skill level 13 in Long Blades
 10433 | D:11     | Killed a green ugly thing
 10442 | D:10     | Slain by a two-headed ogre

Illustrated notes

Levels and vault maps discovered:
D:1:      ldierk_walled_garden, layout_loops_ring,
          hellmonk_ecumenical_altar_zigzags
D:2:      layout_basic
D:3:      layout_rooms, nicolae_hepliaklqana_hippocampus,
          mainiacjoe_overflow_six_doors_small, mainiacjoe_overflow_paths,
          uniq_grinder
D:4:      minmay_clustersquares, layout_basic, mainiacjoe_overflow_tiny_flanked
D:5:      layout_basic, serial_glass, glass_columns_c, glass_columns_b,
          item_on_display_b, minmay_checkerbox
D:6:      layout_rooms, xom_confusion_cloud, minmay_temple_entry_gardened_gates,
          kennysheep_pointless_box
D:7:      layout_basic, led_sif_book, nicolae_ossuary_entry_monument,
          serial_shops, nicolae_square_shop
D:8:      layout_loops_ring, kennysheep_little_box, makhleb_grotto_becter,
          serial_aquarium, aquarium_bridge_long_separate
          [aquarium_subvault_wall, aquarium_subvault_window,
          aquarium_subvault_bridge, aquarium_subvault_wall,
          aquarium_subvault_bridge, aquarium_subvault_window],
          aquarium_window_corner, aquarium_window_1, aquarium_view_2a,
          aquarium_view_2b, aquarium_pool_2, uniq_maggie
D:9:      layout_loops_corners, due_lair_maze_entry_diamond, orc_david_3
D:10:     layout_roguey [special_room_orc], mainiacjoe_overflow_catwalk,
          amcnicky_mini_pool_small
D:11:     layout_loops_cross, nicolae_elemental_shop
Temple:   oiseaux_autumnal_temple

Skill      XL: |  1  2  3  4  5  6  7  8  9 10 11 |
---------------+----------------------------------+-----
Fighting       | 4 5 6 7 8 |  8.9
Armour         | 4 5 6 8 9 10 | 10.1
Shields        | 4 5 6 7 9 10 11 | 11.3
Long Blades    | 5 6 7 9 11 12 13 | 13.1
Dodging        | 1 2 3 4 |  4.2
Stealth        | 1 |  1.2
Evocations     | 1 |  1.1
Invocations    | |  0.2

Action                     |  1- 3 |  4- 6 |  7- 9 | 10-12 || total
---------------------------+-------+-------+-------+-------++-------
  Melee: Long sword        |   132 |    86 |   396 |   206 ||   820
         Headbutt          |    14 |    12 |    88 |    39 ||   153
 Invoke: Heroism           |       |       |       |     4 ||     4
  Evoke: Wand              |       |       |     9 |       ||     9
    Use: Scroll            |       |       |    17 |       ||    17
         Potion            |       |       |     3 |     1 ||     4
 Armour: Scale mail        |    47 |       |       |       ||    47
         Chain mail        |    14 |    36 |   248 |    71 ||   369
         Plate armour      |       |       |       |    22 ||    22
  Dodge: Dodged            |    45 |    34 |   136 |    81 ||   296
  Block: Buckler           |    54 |    49 |   242 |   172 ||   517
         Reflection        |       |     1 |     6 |    14 ||    21
